 Dungeon Crawl Stone Soup version 0.31-a0-705-ga145531891 (webtiles) character file.

Game seed: 18261598372833519633

113166 pokeman the Sorcerer (level 16, -14/90 HPs)
             Began as a Deep Elf Hedge Wizard on Sept 9, 2023.
             Was the Champion of Vehumet.
             Demolished by a harpy simulacrum (16 damage)
             ... in an ice cave.
             The game lasted 01:29:43 (31773 turns).

pokeman the Sorcerer (Deep Elf Hedge Wizard)       Turns: 31773, Time: 01:29:44

Health: -14/90     AC: 13    Str:  7    XL:     16   Next: 13%
Magic:  39/45      EV: 27    Int: 28    God:    Vehumet [******]
Gold:   1932       SH:  0    Dex: 14    Spells: 24/62 levels left

rFire   + + +        L - staff of fire
rCold   x . .        (no shield)
rNeg    . . .        N - +0 acid dragon scales
rPois   .            T - +0 helmet {SInv}
rElec   .            v - scarf {rC+ rF+}
rCorr   +            s - +2 pair of gloves
SInv    +            y - +0 pair of boots
Will    +....        q - amulet of the acrobat
Stlth   ++           I - ring of fire
HPRegen 0.35/turn    p - ring of fire
MPRegen 0.29/turn

%: acrobat
@: acrobatic
A: no striking features
a: Renounce Religion


You were in an ice cave.
You worshipped Vehumet.
Vehumet was exalted by your worship.
You visited 5 branches of the dungeon, and saw 25 of its levels.
You also visited: Ice Cave.

You collected 2653 gold pieces.
You spent 721 gold pieces at shops.

Inventory:

Hand Weapons
 l - the +10 pair of quick blades "Gyre" and "Gimble" {protect}
   (You found it on level 14 of the Dungeon)
Missiles
 Q - a curare-tipped dart
Armour
 s - a +2 pair of gloves (worn)
 v - a scarf of resistance (worn)
 y - a +0 pair of boots (worn)
 N - +0 acid dragon scales (worn)
 T - a +0 helmet of see invisible (worn)
Magical Staves
 b - a staff of cold
 L - a staff of fire (weapon)
Jewellery
 i - a ring of wizardry
 p - a ring of fire (right hand)
 q - an amulet of the acrobat (around neck)
 I - a ring of fire (left hand)
 R - a ring of protection from cold
 V - a ring of flight
Wands
 c - a wand of flame (6)
 F - a wand of roots (14)
 M - a wand of digging (7)
Scrolls
 a - 10 scrolls of teleportation
 e - a scroll of identify
 w - 5 scrolls of blinking {unknown}
 x - 4 scrolls of revelation {unknown}
 B - 6 scrolls of fear {unknown}
 C - 2 scrolls of acquirement {unknown}
 G - 6 scrolls of enchant weapon {unknown}
 J - 2 scrolls of brand weapon {unknown}
 P - 2 scrolls of torment {unknown}
Potions
 d - 3 potions of magic
 f - 5 potions of lignification {unknown}
 k - 4 potions of brilliance {unknown}
 n - 12 potions of curing
 o - 2 potions of mutation {unknown}
 t - a potion of invisibility {unknown}
 u - 6 potions of enlightenment {unknown}
 z - 12 potions of heal wounds
 A - 5 potions of attraction {unknown}
 E - a potion of cancellation {unknown}
 H - 2 potions of haste {unknown}
 K - a potion of berserk rage {unknown}
 O - 2 potions of resistance {unknown}
 X - 2 potions of degeneration {unknown}
 Y - 3 potions of might {unknown}
Miscellaneous
 g - a phantom mirror
 S - a tin of tremorstones (2/2)


   Skills:
 + Level 6.9 Fighting
 - Level 6.0 Armour
 - Level 4.0 Dodging
 - Level 4.0 Stealth
 - Level 6.1 Shields
 * Level 23.7 Spellcasting
 + Level 14.6 Conjurations
 - Level 1.1 Summonings
 - Level 1.1 Translocations
 + Level 11.3 Fire Magic
 - Level 6.0 Ice Magic
 - Level 1.0 Air Magic
 - Level 5.0 Earth Magic
 - Level 1.0 Poison Magic
 - Level 1.0 Evocations


You had 24 spell levels left.
You knew the following spells:

 Your Spells              Type           Power      Damage    Failure   Level
a - Magic Dart            Conj           100%       1d8       0%          1
b - Mephitic Cloud        Conj/Pois/Air  59%        N/A       1%          3
c - Call Imp              Summ           78%        N/A       1%          2
d - Blink                 Tloc           78%        N/A       1%          2
e - Foxfire               Conj/Fire      100%       2x1d9     0%          1
f - Stone Arrow           Conj/Erth      100%       3d13      1%          3
g - Starburst             Conj/Fire      75%        6d19      1%          6
h - Lee's Rapid Deconstr  Erth           28%        3d15*     1%          5
i - Orb of Destruction    Conj           43%        9d12      1%          7
j - Ignition              Fire           72%        3d19      26%         8

Your spell library contained the following spells:

 Spells                   Type           Power      Damage    Failure   Level
 Conjure Ball Lightning   Conj/Air       33%        3x3d11    3%          6
 Slow                     Hex            100%       N/A       1%          1
 Cigotuvi's Dreadful Rot  Necr/Pois/Air  74%        N/A       1%          2
 Ensorcelled Hibernation  Hex/Ice        100%       N/A       1%          2
 Momentum Strike          Conj/Tloc      100%       3d10      1%          2
 Ignite Poison            Fire/Tmut/Pois 100%       N/A       1%          3
 Inner Flame              Hex/Fire       100%       N/A       1%          3
 Sticky Flame             Conj/Fire      100%       2d11      1%          4
 Arcjolt                  Conj/Air       33%        1d43      1%          5
 Iskenderun's Battlesphe  Conj           86%        2d13      1%          5
 Jinxbite                 Hex            66%        N/A       2%          2
 Animate Armour           Summ/Erth      100%       N/A       4%          4
 Plasma Beam              Fire/Air       62%        2x1d78    5%          6
 Petrify                  Tmut/Erth      47%        N/A       6%          4
 Passage of Golubria      Tloc           39%        N/A       11%         4
 Summon Lightning Spire   Summ/Air       39%        N/A       11%         4
 Vhi's Electric Charge    Tloc/Air       78%        N/A       11%         4
 Yara's Violent Unravell  Hex/Tmut       16%        3d8       13%         5
 Anguish                  Hex/Necr       16%        N/A       17%         4
 Animate Dead             Necr           33%        N/A       17%         4
 Cause Fear               Hex            16%        N/A       17%         4
 Borgnjor's Vile Clutch   Necr/Erth      23%        N/A       17%         5
 Summon Forest            Summ/Tloc      19%        N/A       30%         5
 Silence                  Hex/Air        18%        N/A       36%         5
 Lehudib's Crystal Spear  Conj/Erth      36%        10d9      43%         8
 Eringya's Noxious Bog    Tmut/Pois      18%        4d6       45%         6
 Death Channel            Necr           16%        N/A       95%         6
 Enfeeble                 Hex            16%        N/A       100%        7
 Haunt                    Necr/Summ      18%        N/A       100%        7
 Summon Hydra             Summ           19%        N/A       100%        7
 Infestation              Necr           16%        N/A       100%        8
 Maxwell's Capacitive Co  Air            19%        ∞         100%        8


Dungeon Overview and Level Annotations

Branches:
Dungeon (15/15)            Temple (1/1) D:7            Lair (5/5) D:10
  Swamp (2/4) Lair:3        Snake (0/4) Lair:3        Slime (0/5) Lair:4
    Orc (2/2) D:12            Elf (0/3) Orc:2        Vaults (0/5) D:14
  IceCv (1/1)
 Depths: D:15

Altars:
Ashenzari
Cheibriados
Dithmenos
Elyvilon
Fedhas
Gozag
Hepliaklqana
Kikubaaqudgha
Makhleb
Nemelex Xobeh
Okawaru
Qazlal
Ru
Sif Muna
Trog
Uskayaw
Vehumet
Wu Jian
Xom
Yredelemnul
Zin
The Shining One
Jiyva

Shops:
D:5 :!:(**   Orc:2 =[(((


Message History

Unknown command.
Casting: Starburst (dangerous; 1% risk of failure)
Confirm with . or Enter, or press ? or * to list all spells.
Aiming: Stone Arrow (safe; 1% risk of failure)
Press: ? - help, Shift-Dir - straight line, f - bog body
Aim: a bog body (steam, severely damaged, 81% to hit)
The stone arrow hits the bog body!!
You destroy the bog body!
Vehumet accepts your kill.
You feel your power returning.
You start resting.
You hear the crackling of a melting archway nearby.
You enter the shallow water.
Moving in this stuff is going to be slow.
You enter the shallow water.
Moving in this stuff is going to be slow.
Found a frozen archway.
Found a leather armour.
There is a frozen archway here.
You start resting.
You hear the crackling of a melting archway.
You start resting.
You hear the steady crackling of a melting archway.
The world spins around you as you enter the gateway.
You enter an ice cave!
Found a potion of ambrosia.
Found an ice covered gate leading back out of this place.
There is an ice choked empty arch of ancient stone here.
Unknown command.
There is an ice covered gate leading back out of this place here.
The white very ugly thing gurgles horribly!
The harpy simulacrum claws you. The harpy simulacrum freezes you!!
You feel a terrible chill! The harpy simulacrum claws you.
* * * LOW HITPOINT WARNING * * *
The harpy simulacrum freezes you!!
You feel a terrible chill!
* * * LOW HITPOINT WARNING * * *
The harpy simulacrum claws you.
* * * LOW HITPOINT WARNING * * *
The harpy simulacrum freezes you!
You feel a terrible chill!
You die...

#......!......#
#...Z8...8....#
#.....Zu...Z..#
#...........#
#......Z..Z.#
#...........#
#.........#
#..Z∩...#
##..@..##
#######


You could see a white very ugly thing, 2 seven-headed hydra simulacra, 2 dire
elephant simulacra, a harpy simulacrum and an ettin simulacrum.

Vanquished Creatures
  Frances (D:14)
  Roxanne (D:14)
  Kirke (D:15)
  2 ghouls (Swamp:1)
  Nessos (D:13)
  2 eleionomae (Swamp:1)
  4 dire elephants (Lair:5)
  A bunyip (Swamp:1)
  3 ettins
  Snorg (D:12)
  A shambling mangrove (Swamp:2)
  5 hydras
  5 vault guards (D:14)
  2 centaur warriors
  4 alligators
  Erica (D:9)
  2 two-headed ogres
  6 boulder beetles
  8 death yaks
  5 orc high priests
  A spriggan berserker (D:14)
  2 deep elf knights (D:14)
  5 spriggans
  4 skysharks
  A spectral death yak (Lair:5)
  A spectral anaconda (Lair:5)
  2 goliath frogs
  3 spriggan druids
  A bog body (Swamp:2)
  3 necromancers (Lair:5)
  2 swamp dragons
  The ghost of randomguy2701 the Cleaver, a novice HOFi of Beogh (D:5)
  An obsidian statue (Lair:5)
  A wizard (D:15)
  2 orc knights
  2 deep elf pyromancers
  5 orc sorcerers
  An ugly thing (D:12)
  4 cyclopes
  3 manticores
  2 will-o-the-wisps
  22 elephants
  6 black mambas
  An ice statue (D:11)
  11 cane toads
  A gargoyle (D:14)
  3 unseen horrors
  A rime drake (Lair:4)
  10 komodo dragons
  2 dire elephant skeletons (Lair:5)
  2 tengu conjurers
  5 trolls
  3 meliai (D:14)
  A queen bee (Lair:3)
  A wind drake (shapeshifter) (D:15)
  A polar bear (Lair:5)
  8 tyrant leeches
  9 hornets
  2 spectral elephants (Lair:5)
  5 blink frogs (Lair:4)
  10 slime creatures
  A wyvern (D:10)
  2 shadows
  53 yaks
  3 hogs (D:15)
  3 wraiths
  A hog (shapeshifter) (D:15)
  6 basilisks
  5 steam dragons
  17 vampire mosquitoes
  4 swamp worms
  A death yak simulacrum (Lair:5)
  4 wargs
  Menkaure (D:4)
  A spectral cane toad (Lair:5)
  3 nagas (Lair:3)
  2 acid dragons
  19 water moccasins
  A meliai simulacrum (D:11)
  2 swamp drakes (Swamp:1)
  A black bear (D:7)
  2 elephant zombies (Lair:5)
  26 orc warriors
  27 wolves
  4 ogres
  An elephant skeleton (Lair:5)
  7 centaurs
  10 kobold brigands
  Blork the orc (D:4)
  12 bullfrogs
  5 scorpions
  A necrophage (Swamp:1)
  A cane toad simulacrum (Lair:5)
  3 wights (D:9)
  41 killer bees
  8 howler monkeys
  A vampire bat (Orc:2)
  7 jellies
  31 orc priests
  5 hounds
  5 hell rats (Lair:5)
  Ijyb (D:4)
  An iguana (D:4)
  2 sleepcaps (D:6)
  35 orc wizards
  4 gnolls (D:6)
  8 river rats (Lair:5)
  6 adders
  2 shadow imps (D:5)
  3 white imps
  3 ufetubi
  A worm (D:2)
  4 dart slugs
  66 orcs
  7 endoplasms
  4 giant cockroaches
  9 goblins
  7 hobgoblins
  11 jackals
  3 quokkas
  8 ball pythons
  16 bats
  4 frilled lizards
  30 kobolds
  12 rats
782 creatures vanquished.

Vanquished Creatures (collateral kills)
  A kobold (D:6)
1 creature vanquished.

Vanquished Creatures (others)
  A human (D:15)
  An orc wizard (D:5)
  A kobold (D:6)
  10 foxfires
13 creatures vanquished.

Grand Total: 796 creatures vanquished

Notes
Turn   | Place    | Note
-------+----------+-------------------------------------------
     0 | D:1      | pokeman the Deep Elf Hedge Wizard began the quest for the
                  | Orb.
     0 | D:1      | Reached XP level 1. HP: 10/10 MP: 7/7
   218 | D:1      | Reached XP level 2. HP: 16/16 MP: 5/9
   655 | D:1      | Reached skill level 5 in Spellcasting
   821 | D:1      | Reached XP level 3. HP: 20/20 MP: 6/11
   825 | D:1      | Learned a level 3 spell: Mephitic Cloud
   828 | D:1      | Learned a level 2 spell: Call Imp
   831 | D:1      | Learned a level 2 spell: Blink
  1278 | D:2      | Reached skill level 1 in Armour
  1416 | D:2      | Reached skill level 1 in Fighting
  1484 | D:2      | Found a faded altar of an unknown god.
  2195 | D:3      | Found an ancient bone altar of Kikubaaqudgha.
  2278 | D:3      | Reached XP level 4. HP: 25/25 MP: 10/13
  2612 | D:3      | Noticed an ogre
  2624 | D:3      | Killed an ogre
  2625 | D:3      | Reached skill level 6 in Spellcasting
  2625 | D:3      | Reached XP level 5. HP: 29/29 MP: 3/15
  3335 | D:4      | Noticed Blork the orc
  3354 | D:4      | Killed Blork the orc
  3355 | D:4      | Reached XP level 6. HP: 20/34 MP: 12/17
  3645 | D:4      | Noticed Menkaure
  3655 | D:4      | Killed Menkaure
  3656 | D:4      | Reached skill level 7 in Spellcasting
  3656 | D:4      | Reached skill level 1 in Evocations
  3872 | D:4      | Noticed Ijyb
  3883 | D:4      | Killed Ijyb
  3993 | D:5      | Entered Level 5 of the Dungeon
  4008 | D:5      | Found Efusaoh's Assorted Antiques.
  4039 | D:5      | Reached skill level 1 in Poison Magic
  4039 | D:5      | Reached XP level 7. HP: 35/38 MP: 16/20
  4059 | D:5      | Bought 2 scrolls labelled QINGEFUIXU for 46 gold pieces
  4059 | D:5      | Bought a scroll labelled WEBETT MUNI for 23 gold pieces
  4059 | D:5      | Bought a scroll labelled IRAFAI VIOTT for 23 gold pieces
  4059 | D:5      | Bought a scroll labelled CEMEWE TURHYM for 23 gold pieces
  4073 | D:5      | Found a runed translucent door.
  4074 | D:5      | Noticed randomguy2701's ghost (novice HOFi)
  4087 | D:5      | Found a transporter.
  4107 | D:5      | Reached skill level 1 in Air Magic
  4186 | D:5      | Found Katal's Antique Weapon Shoppe.
  4199 | D:5      | Reached skill level 8 in Spellcasting
  4265 | D:5      | Found Qewueg's General Store.
  4315 | D:5      | Bought 2 potions of curing for 84 gold pieces
  4493 | D:5      | Found a transporter.
  4545 | D:5      | Found Ijux Rak's Distillery.
  4555 | D:5      | Bought a potion of heal wounds for 60 gold pieces
  4555 | D:5      | Bought a potion of curing for 36 gold pieces
  4555 | D:5      | Bought a potion of curing for 36 gold pieces
  4573 | D:5      | Found Ubelaz's Book Boutique.
  4677 | D:5      | Found Maipsylo's Vocational Training.
  5118 | D:6      | Found a shimmering altar of Xom.
  5241 | D:6      | Found a snail-covered altar of Cheibriados.
  5275 | D:6      | Reached skill level 9 in Spellcasting
  5433 | D:6      | Reached XP level 8. HP: 21/44 MP: 13/23
  5740 | D:6      | Found a stormy altar of Qazlal.
  5868 | D:6      | Reached skill level 5 in Conjurations
  5894 | D:6      | Reached skill level 10 in Spellcasting
  6444 | D:6      | Reached skill level 11 in Spellcasting
  6664 | D:7      | Reached XP level 9. HP: 48/48 MP: 18/26
  6672 | D:7      | Found a shimmering blue altar of Sif Muna.
  6824 | D:7      | Found a blossoming altar of Fedhas.
  6916 | D:7      | Found a broken altar of Ashenzari.
  6946 | D:7      | Reached skill level 1 in Ice Magic
  6952 | D:7      | Found a staircase to the Ecumenical Temple.
  6969 | Temple   | Entered the Ecumenical Temple
  6994 | Temple   | Became a worshipper of Vehumet
  7124 | D:7      | Reached skill level 12 in Spellcasting
  7426 | D:7      | Found a glowing golden altar of the Shining One.
  7575 | D:8      | Found a sacrificial altar of Ru.
  8364 | D:9      | Found an ornate altar of the Wu Jian Council.
  8376 | D:9      | Reached skill level 13 in Spellcasting
  8386 | D:9      | Noticed a two-headed ogre
  8412 | D:9      | Killed a two-headed ogre
  8413 | D:9      | Reached XP level 10. HP: 21/56 MP: 5/29
  8626 | D:9      | Reached * piety under Vehumet
  8626 | D:9      | Offered knowledge of Freeze by Vehumet.
  8680 | D:9      | Noticed a +0 dagger
  8681 | D:9      | Noticed a +0 hand axe
  8682 | D:9      | Found a hide-covered altar of Uskayaw.
  8735 | D:9      | Found a white marble altar of Elyvilon.
  9054 | D:9      | Noticed Erica
  9074 | D:9      | Killed Erica
  9075 | D:9      | Reached skill level 14 in Spellcasting
  9434 | D:10     | Entered Level 10 of the Dungeon
  9482 | D:10     | Found a runed translucent door.
  9505 | D:10     | Reached skill level 5 in Ice Magic
  9960 | D:10     | Noticed an elephant
  9982 | D:10     | Killed an elephant
  9983 | D:10     | Reached XP level 11. HP: 44/61 MP: 31/31
 10000 | D:10     | Reached skill level 15 in Spellcasting
 10087 | D:10     | Found a staircase to the Lair.
 10185 | D:10     | Found a runed translucent door.
 10254 | D:10     | Offered knowledge of Scorch by Vehumet.
 10562 | D:5      | Bought Irraiwim's Catalogue of Topography for 390 gold
                  | pieces
 10566 | D:5      | Learned a level 3 spell: Stone Arrow
 10572 | D:5      | Learned a level 5 spell: Lee's Rapid Deconstruction
 10739 | D:10     | Noticed a boulder beetle
 10885 | D:10     | Noticed a deep elf pyromancer
 10895 | D:10     | Killed a deep elf pyromancer
 10896 | D:10     | Reached skill level 1 in Earth Magic
 10899 | D:10     | Noticed an orc knight
 10913 | D:10     | Reached ** piety under Vehumet
 10931 | D:10     | Killed an orc knight
 10998 | D:10     | HP: 3/61 [acid dragon/splash of acid (16)]
 11000 | D:10     | Reached skill level 5 in Armour
 11213 | D:10     | Killed a boulder beetle
 11521 | D:11     | Reached skill level 16 in Spellcasting
 11555 | D:11     | Noticed a boulder beetle
 11734 | D:10     | Killed a boulder beetle
 12063 | D:11     | Learned a level 1 spell: Foxfire
 12070 | D:11     | Learned a level 6 spell: Starburst
 12419 | D:11     | Reached skill level 1 in Fire Magic
 13131 | D:12     | Offered knowledge of Poisonous Vapours by Vehumet.
 13252 | D:12     | Reached XP level 12. HP: 68/68 MP: 21/34
 13288 | D:12     | Reached skill level 5 in Fighting
 13288 | D:12     | Reached skill level 10 in Conjurations
 13506 | D:12     | Noticed a boulder beetle
 13533 | D:12     | Killed a boulder beetle
 13646 | D:12     | Reached skill level 17 in Spellcasting
 13900 | D:12     | Found a staircase to the Orcish Mines.
 13911 | D:12     | Reached *** piety under Vehumet
 13919 | D:12     | Offered knowledge of Dazzling Flash by Vehumet.
 13951 | D:12     | Reached skill level 5 in Earth Magic
 14452 | D:12     | Noticed Snorg
 14468 | D:12     | Killed Snorg
 15453 | D:13     | Found a shadowy altar of Dithmenos.
 15500 | D:13     | Identified the orb of Dishonour {light, Harm rPois rN+++
                  | Dex-5}
 15517 | D:13     | Noticed a centaur warrior
 15529 | D:13     | Killed a centaur warrior
 15662 | D:13     | Reached skill level 18 in Spellcasting
 15708 | D:13     | Noticed a boulder beetle
 15709 | D:13     | Noticed Nessos
 15939 | D:13     | Killed Nessos
 15939 | D:13     | Killed a boulder beetle
 16101 | D:13     | Reached skill level 5 in Fire Magic
 16362 | D:14     | Reached **** piety under Vehumet
 16389 | D:14     | Noticed Frances
 16983 | D:14     | Noticed Roxanne
 17094 | D:14     | Noticed an ettin
 17096 | D:14     | Noticed an ettin
 17101 | D:14     | Killed an ettin
 17102 | D:14     | Reached XP level 13. HP: 58/74 MP: 2/37
 17106 | D:14     | Killed an ettin
 17427 | D:14     | Offered knowledge of Freezing Cloud by Vehumet.
 17817 | D:14     | Reached skill level 19 in Spellcasting
 17973 | D:14     | Found a gate to the Vaults.
 18309 | D:14     | Killed Frances
 18601 | D:14     | Found the +10 pair of quick blades "Gyre" and "Gimble"
                  | {protect}
 19130 | D:14     | Killed Roxanne
 19300 | D:15     | Entered Level 15 of the Dungeon
 19300 | D:15     | Noticed Kirke
 19310 | D:15     | Reached skill level 1 in Shields
 19314 | D:15     | Killed Kirke
 19314 | D:15     | Noticed a fire giant
 19841 | Lair:1   | Entered Level 1 of the Lair of Beasts
 19949 | Lair:1   | Reached skill level 20 in Spellcasting
 20905 | Lair:2   | Reached XP level 14. HP: 80/80 MP: 28/40
 21390 | Lair:2   | Reached ***** piety under Vehumet
 21475 | Lair:2   | Offered knowledge of Orb of Destruction by Vehumet.
 21484 | Lair:2   | Learned a level 7 spell: Orb of Destruction
 22406 | Lair:3   | Found a staircase to the Snake Pit.
 22417 | Lair:3   | Identified the +3 scale mail of Day {Rampage rN+ Slay-3}
 22419 | Lair:3   | You fall into a shaft and drop 2 floors!
 22419 | Lair:5   | Entered Level 5 of the Lair of Beasts
 22428 | Lair:5   | Reached skill level 21 in Spellcasting
 23345 | Lair:3   | Found a staircase to the Swamp.
 24054 | Lair:4   | Offered knowledge of Iskenderun's Mystic Blast by Vehumet.
 24059 | Lair:4   | Found a viscous altar of Jiyva.
 24112 | Lair:4   | Found a staircase to the Slime Pits.
 24424 | Lair:4   | Found the +16 obsidian axe {drain, demonic, Mesm Drain Fly
                  | SInv}
 25436 | Lair:5   | Reached skill level 5 in Shields
 25499 | Lair:5   | Reached XP level 15. HP: 16/84 MP: 36/42
 25503 | Lair:5   | Reached skill level 22 in Spellcasting
 26119 | Lair:5   | Found the ring of the Tortoise {AC+8}
 26379 | Lair:5   | Reached skill level 10 in Fire Magic
 26527 | Lair:5   | Got the Grimoire of the Salvo
 26807 | Lair:5   | Learned a level 8 spell: Ignition
 27202 | D:5      | Killed randomguy2701's ghost
 27493 | Orc:1    | Entered Level 1 of the Orcish Mines
 27785 | Orc:1    | Offered knowledge of Conjure Ball Lightning by Vehumet.
 27977 | Orc:2    | Entered Level 2 of the Orcish Mines
 27977 | Orc:2    | Found a staircase to the Elven Halls.
 28927 | Orc:2    | Found Acebyeg's Antique Weapon Emporium.
 29174 | Orc:2    | Found Ediot's Antique Weapon Boutique.
 29174 | Orc:2    | Found Feopsuidgh's Antique Weapon Boutique.
 29175 | Orc:2    | Found Juzijier's Jewellery Shop.
 29179 | Orc:2    | Found Fyotone's Antique Armour Shop.
 29485 | Orc:1    | Reached skill level 23 in Spellcasting
 29838 | Swamp:1  | Entered Level 1 of the Swamp
 30154 | Swamp:1  | Identified the +3 pair of gloves of Feilli {Harm rF+
                  | Stlth+}
 30539 | Swamp:1  | Reached ****** piety under Vehumet
 31491 | Swamp:2  | Reached XP level 16. HP: 60/90 MP: 43/45
 31685 | Swamp:2  | Found a frozen archway.
 31770 | IceCv    | Entered an ice cave
 31773 | IceCv    | HP: 3/90 [harpy simulacrum (24)]
 31773 | IceCv    | Demolished by a harpy simulacrum

Illustrated notes

Levels and vault maps discovered:
D:1:      dpeg_arrival_arbitrary_c, layout_loops_ring
D:2:      layout_rooms, basic_ecumenical_altar
D:3:      layout_basic, kiku_gazebo_pond_becter
D:4:      layout_cave_pools, grunt_decor_mini_mirrors, uniq_menkaure, uniq_ijyb,
          uniq_blork_the_orc
D:5:      gammafunk_wand_slinger, layout_basic, ebering_ghost_reflecting_pool,
          serial_shops, shop, shop, shop, nicolae_shop_tiny_statue_garden, shop,
          nicolae_shop_vocational
D:6:      layout_cave_pods, dk_xom_monty_hall, nicolae_qazlal_scattered_showers,
          lemuel_round_altar, minmay_unpleasant_kobolds
D:7:      layout_cave_pools, general_overflow_altar, nicolae_ashenzari_skybound,
          nicolae_sif_muna_condensation, fedhas_bush_and_centaur_altar,
          minmay_temple_entry_statues_fountains, supply_closet_lemuel
D:8:      layout_loops_cross, nicolae_ru_awakened_eye
D:9:      layout_long_grid, dancing_weapons_uskayaw, jmf_multi_god_temple,
          hangedman_abyss_or_decor_lesser_grid, uniq_erica
D:10:     cheibrodos_histonic, layout_long_grid, david_lair_generic
D:11:     layout_long_grid, minmay_misc_feat_pillars,
          chequers_serial_rivers_small_3, kennysheep_cross_bottleneck,
          minivault_15, minmay_fractal_squares_gapless_7
D:12:     layout_layer_cave, david_orc_5, uniq_snorg
D:13:     layout_roguey, grunt_dithmenos_smoke_and_mirrors, uniq_nessos
D:14:     layout_loops_ring, grunt_vaults_entry_fortified, serial_bayou_pond_a,
          hellmonk_guarded_unrand_gyre_and_gimble, uniq_roxanne, uniq_frances
D:15:     grunt_enter_depths_giant_problem, layout_layer_cave,
          minmay_parallelograms, uniq_rupert, uniq_kirke, uniq_josephine
Temple:   compressed_dpeg_circular_temple
Lair:1:   layout_loops_ring
Lair:2:   layout_roguey
Lair:3:   layout_misc_corridors, swamp_mist, minmay_snake_entry_guardpost_small,
          special_room [special_room_bee], st_stairs_13
Lair:4:   layout_loops_ring, nicolae_slime_entry_slimehenge, minivault_11,
          dreamdust_deal_with_the_devil
Lair:5:   due_jungle_book, layout_small_grid, st_stairs_3,
          kennysheep_abandoned_house
Swamp:1:  layout_falls_marsh, hangedman_swamp_ruin_hall
Swamp:2:  layout_basic_swamp, portal_ice_cave_entry_pillars_three,
          hangedman_swamp_pad
Orc:1:    layout_diamond_mine
Orc:2:    st_orc_mages, layout_caves, serial_shops, nicolae_shop_dealshenge,
          roderic_batcave
IceCv:    ice_cave_statue_garden_transporter

Skill      XL: |  1  2  3  4  5  6  7  8  9 10 11 12 13 14 15 |
---------------+----------------------------------------------+-----
Spellcasting   | 5 6 7 9 11 13 14 16 18 20 21 23 | 23.7
Armour         | 1 3 4 5 6 |  6.0
Fighting       | 1 2 4 6 |  6.9
Conjurations   | 2 3 4 6 7 8 9 11 12 13 14 | 14.6
Dodging        | 3 4 |  4.0
Stealth        | 3 4 |  4.0
Evocations     | 1 |  1.0
Poison Magic   | 1 |  1.0
Air Magic      | 1 |  1.0
Ice Magic      | 3 5 6 |  6.0
Earth Magic    | 4 5 |  5.0
Fire Magic     | 2 5 7 9 11 | 11.3
Shields        | 2 5 6 |  6.1
Summonings     | |  1.1
Translocations | |  1.1

Action                     |  1- 3 |  4- 6 |  7- 9 | 10-12 | 13-15 | 16-18 || total
---------------------------+-------+-------+-------+-------+-------+-------++-------
  Melee: Dagger            |     8 |    66 |   151 |   146 |       |       ||   371
         Whip              |       |       |    10 |       |       |       ||    10
         Punch             |       |       |     3 |     2 |       |       ||     5
         Short sword       |       |       |       |    25 |     3 |       ||    28
         Pair of quick bla |       |       |       |       |   504 |       ||   504
         Staff             |       |       |       |       |     1 |       ||     1
   Cast: Magic Dart        |   126 |    80 |   194 |    62 |    30 |       ||   492
         Mephitic Cloud    |       |     9 |    38 |    70 |    23 |       ||   140
         Call Imp          |       |       |     4 |     7 |       |       ||    11
         Blink             |       |       |     3 |     9 |     4 |     1 ||    17
         Stone Arrow       |       |       |       |   146 |   127 |     2 ||   275
         Foxfire           |       |       |       |     2 |       |       ||     2
         Starburst         |       |       |       |    23 |   280 |    19 ||   322
         Lee's Rapid Decon |       |       |       |     9 |    11 |       ||    20
  Evoke: Wand              |       |       |       |     6 |     4 |       ||    10
    Use: Scroll            |       |       |       |     9 |     1 |       ||    10
   Stab: Sleeping          |     1 |       |       |       |     1 |       ||     2
         Confused          |       |     7 |    18 |    23 |     5 |       ||    53
         Paralysed         |       |       |       |     6 |       |       ||     6
 Armour: Robe              |    15 |    30 |    49 |       |       |       ||    94
         Steam dragon scal |       |       |    56 |   106 |       |       ||   162
         Acid dragon scale |       |       |       |    23 |   227 |     7 ||   257
         Troll leather arm |       |       |       |     2 |       |       ||     2
  Dodge: Dodged            |    20 |    38 |   168 |   153 |   210 |     8 ||   597

Table legend: (Time is in decaauts)
 A = Elapsed time spent in this place.
 B = Non-inter-level travel time spent in this place.
 C = Inter-level travel time spent in this place.
 D = Time resting spent in this place.
 E = Time spent auto-exploring this place.
 F = Levels seen in this place.
 G = Mean time per level.
                   A        B        C        D        E       F      G
               +--------+--------+--------+--------+--------+-----+--------+
         Total |  31973 |  29437 |   2536 |   3010 |  21363 |  26 | 1229.7 |
       Dungeon |  20514 |  18772 |   1742 |   1987 |  13802 |  15 | 1367.6 |
        Temple |    185 |    120 |     65 |      0 |      0 |   1 |  185.0 |
          Lair |   7284 |   6749 |    535 |    344 |   5284 |   5 | 1456.8 |
         Swamp |   1766 |   1707 |     59 |     92 |   1167 |   2 |  883.0 |
  Orcish Mines |   2220 |   2086 |    134 |    587 |   1108 |   2 | 1110.0 |
      Ice Cave |      2 |      2 |      0 |      0 |      0 |   1 |    2.0 |
               +--------+--------+--------+--------+--------+-----+--------+

Top non-repeatable levels by time:
    D:14: 2649 daAuts
    D:10: 2371 daAuts
  Lair:5: 2291 daAuts
    D:12: 2225 daAuts
     D:6: 1709 daAuts
  Lair:2: 1641 daAuts
    D:11: 1424 daAuts
 Swamp:1: 1411 daAuts
     D:9: 1410 daAuts
    D:13: 1294 daAuts
   Orc:1: 1286 daAuts
     D:5: 1240 daAuts
     D:1: 1205 daAuts
  Lair:3: 1183 daAuts
  Lair:1: 1094 daAuts
